 Dungeon Crawl Stone Soup version 0.26.0-10-g1f06aea511 (webtiles) character file.

Game seed: 7306194989260092633

30 Borgoz the Skirmisher (level 3, -3/36 HPs)
             Began as a Gargoyle Berserker on Jan 18, 2021.
             Was a Believer of Trog.
             Slain by a leopard gecko (4 damage)
             ... on level 1 of the Dungeon.
             The game lasted 00:01:21 (863 turns).

Borgoz the Skirmisher (Gargoyle Berserker)           Turns: 863, Time: 00:01:21

Health: -3/36      AC:  1    Str: 20    XL:     3   Next: 20%
Magic:  3/3        EV: 12    Int:  7    God:    Trog [**....]
Gold:   42         SH:  0    Dex: 10    Spells: 2/2 levels left

rFire    . . .     SeeInvis .   a - +0 mace
rCold    . . .     Faith    .   (no shield)
rNeg     + . .     Spirit   .   b - +0 animal skin
rPois    ∞         Reflect  .   (no helmet)
rElec    +         Harm     .   (no cloak)
rCorr    .         Rampage  .   (no gloves)
Will     .....                  (no boots)
Stlth    ..........             (no amulet)
HPRegen  0.12/turn              d - -4 ring of protection (curse)
MPRegen  0.08/turn              (no ring)

@: berserking, very quick
A: negative energy resistance 1, electricity resistance, unbreathing,
petrification resistance, miasma immunity, AC +3
a: Renounce Religion, Berserk, Trog's Hand


You were on level 1 of the Dungeon.
You worshipped Trog.
Trog was pleased with you.
You visited 1 branch of the dungeon, and saw 1 of its levels.

You collected 42 gold pieces.

Inventory:

Hand Weapons
 a - a +0 mace (weapon)
Armour
 b - a +0 animal skin (worn)
Jewellery
 d - a cursed -4 ring of protection (left hand)
 g - an uncursed ring of fire
Scrolls
 c - a scroll of remove curse {unknown}
Potions
 e - 2 potions of heal wounds {unknown}
 f - a potion of invisibility {unknown}
 h - 2 potions of curing {unknown}


   Skills:
 + Level 3.6 Fighting
 + Level 3.3 Maces & Flails
 + Level 2.7 Armour
 + Level 2.0 Dodging


You had 2 spell levels left.
You didn't know any spells.
Your spell library was empty.

Dungeon Overview and Level Annotations

Branches:
Dungeon (1/15)

Altars:


Innate Abilities, Weirdness & Mutations

You are resistant to torment.
Your stone body is resilient. (AC +3)
You are immune to poison.
You resist negative energy. (rN+)
You are resistant to electric shocks. (rElec)
You can survive without breathing.
You are immune to petrification.
You are immune to miasma.


Message History

* * * LOW HITPOINT WARNING * * *
You thump the hobgoblin!
You kill the hobgoblin!
Trog accepts your kill. The jackal bites you.
* * * LOW HITPOINT WARNING * * *
The jackal bites you.
* * * LOW HITPOINT WARNING * * *
You sock the jackal!
You kill the jackal!
Trog accepts your kill. The jackal closely misses you.
The jackal barely misses you. The jackal misses you.
You closely miss the leopard gecko. The jackal bites you.
* * * LOW HITPOINT WARNING * * *
The jackal barely misses you.
You barely miss the jackal. The jackal bites you.
* * * LOW HITPOINT WARNING * * *
The leopard gecko bites you.
You die...

##$# #...# #.#.
#...#### #>. #
#...#... #.#.
#######...#.##
###..###.............
#....................
#.#..##..............
#..##.####......(..
#h@##.# #.#...#.##
#....rlh##.#
#.#...#.#
........##.#
#.......#
.###.......#
#.....#.# ###..####
#.......# ...#
#....##.# #.##
####..####.# #.
#...÷÷)....#
#.##.......#


You could see a leopard gecko, 2 jackals and a rat.

Vanquished Creatures
  An ooze (D:1)
  A giant cockroach (D:1)
  6 hobgoblins (D:1)
  4 jackals (D:1)
  5 bats (D:1)
  A frilled lizard (D:1)
  A kobold (D:1)
  7 rats (D:1)
26 creatures vanquished.

Notes
Turn   | Place    | Note
-------+----------+-------------------------------------------
     0 | D:1      | Borgoz the Gargoyle Berserker began the quest for the Orb.
     0 | D:1      | Reached XP level 1. HP: 14/14 MP: 1/1
    25 | D:1      | Reached XP level 2. HP: 10/19 MP: 2/2
   569 | D:1      | Reached XP level 3. HP: 21/23 MP: 3/3
   638 | D:1      | Reached ** piety under Trog
   863 | D:1      | HP: 1/36 [jackal (1)]
   863 | D:1      | Slain by a leopard gecko

Illustrated notes

Levels and vault maps discovered:
D:1:      amcnicky_arrival_blooded_trapdoor, layout_loops_cross,
          minmay_pentomino_w4

Skill      XL: |  1  2  3 |
---------------+----------+-----
Dodging        | 2 |  2.0
Fighting       | |  3.6
Maces & Flails | |  3.3
Armour         | |  2.7

Action                   || total
-------------------------++-------
Melee: Mace              ||    79
Invok: Berserk           ||     4
  Use: Scroll            ||     3
Armor: Animal skin       ||    12
Dodge: Dodged            ||    97
